 Dungeon Crawl Stone Soup version 0.30-a0-272-gf98c3da03f (webtiles) character file.

Game seed: 17117829728675421851

257 shadowtrooper the Chopper (level 6, 0/52 HPs)
             Began as a Hill Orc Fighter on Oct 15, 2022.
             Was an Initiate of Okawaru.
             Frozen to death by an endoplasm (1 damage)
             ... on level 3 of the Dungeon.
             The game lasted 00:03:54 (3085 turns).

shadowtrooper the Chopper (Hill Orc Fighter)        Turns: 3085, Time: 00:03:56

Health: 0/52       AC:  8    Str: 21    XL:     6   Next: 16%
Magic:  6/6        EV:  9    Int:  8    God:    Okawaru [......]
Gold:   118        SH:  4    Dex: 10    Spells: 5/5 levels left

rFire   + . .      SeeInvis .    a - +0 war axe
rCold   . . .      Faith    .    c - +0 buckler
rNeg    . . .      Spirit   .    f - +0 scale mail {rF+}
rPois   .          Reflect  .    (no helmet)
rElec   .          Harm     .    (no cloak)
rCorr   .          Rampage  .    g - +0 pair of gloves
Will    .....                    (no boots)
Stlth   ..........               (no amulet)
HPRegen 0.28/turn                (no ring)
MPRegen 0.10/turn                (no ring)

@: no status effects
A: no striking features
a: Renounce Religion


You were on level 3 of the Dungeon.
You worshipped Okawaru.
Okawaru was noncommittal.
You visited 1 branch of the dungeon, and saw 4 of its levels.

You collected 118 gold pieces.

Inventory:

Hand Weapons
 a - a +0 war axe (weapon)
Armour
 b - a +0 scale mail
 c - a +0 buckler (worn)
 f - a +0 scale mail of fire resistance (worn)
 g - a +0 pair of gloves (worn)
Wands
 m - a wand of acid (4)
 n - a wand of paralysis (7)
Scrolls
 i - a scroll of fog
 k - a scroll of noise
 l - a scroll of identify
Potions
 d - a potion of might
 e - a potion of curing
 h - a potion of mutation
 j - 2 potions of invisibility {unknown}
 o - a potion of ambrosia {unknown}


   Skills:
 + Level 4.2 Fighting
 * Level 6.9 Axes
 + Level 3.9 Armour
 + Level 0.4 Dodging
 + Level 3.7 Shields


You had 5 spell levels left.
You didn't know any spells.
Your spell library contained the following spells:

 Spells                   Type           Power      Damage    Failure   Level
 Gell's Gravitas          Tloc           0%         N/A       99%         3
 Lesser Beckoning         Tloc           0%         N/A       99%         3
 Teleport Other           Tloc           0%         N/A       99%         3


Dungeon Overview and Level Annotations

Branches:
Dungeon (4/15)             Temple (0/1) D:4

Altars:
Gozag
Hepliaklqana
Nemelex Xobeh
Okawaru
Wu Jian
The Shining One

Shops:
D:4 :


Message History

The orc attacks as you move away! The orc closely misses you.
An endoplasm comes into view.
The endoplasm quivers.
The endoplasm moves out of view.
The orc attacks as you move away! The orc hits you with a +0 flail.
* * * LOW HITPOINT WARNING * * *
The endoplasm closely misses you. The endoplasm attacks as you move away!
You block the endoplasm's attack. The endoplasm freezes you.
You are frozen.
* * * LOW HITPOINT WARNING * * *
The endoplasm attacks as you move away! The endoplasm completely misses you.
The orc attacks as you move away! The orc hits you with a +0 flail.
* * * LOW HITPOINT WARNING * * *
The endoplasm attacks as you move away! The endoplasm barely misses you.
The orc attacks as you move away! The orc closely misses you.
There is a stone staircase leading up here.
The orc closely misses you. The endoplasm barely misses you.
You climb upwards.
There is a stone staircase leading down here.
You hit the orc.
The orc is heavily wounded.
You hit the endoplasm. The endoplasm freezes you.
You are frozen.
* * * LOW HITPOINT WARNING * * *
The orc barely misses you.
You hit the orc.
The orc is severely wounded.
You hit the endoplasm.
The endoplasm jiggles.
The endoplasm barely misses you. The orc hits you with a +0 flail.
* * * LOW HITPOINT WARNING * * *
You hit the orc.
You kill the orc!
Okawaru accepts your kill.
You barely miss the endoplasm. The endoplasm freezes you.
You are frozen.
You die...

~≈≈≈≈≈≈≈≈~~.............#.#
.≈≈≈≈~~~~~≈~.######.#####.#
.~~≈~....≈...# #.# #.#
.~....~~.....# #.#####.#
##.#.#######.# #.....#.####
#.#.# #.# #..........#
#.#.# #.# ##._..._....#
##.#.# #.#####...........#
...#.# #...)@J._..⌠.._..##
####.# #######..........#
#.# ##._..._.#.# ####.#
##########........#.#
#.##.#
#...............###.#
.#.#.# #.###########.#.#
#.# ###..# #.# ########.#.#
#.# .#.#.# #.# #........#.#
#.# .....## #.#
#.#####....# #.#


You could see an endoplasm.

Vanquished Creatures
  A centaur (D:4)
  Ijyb (D:3)
  An iguana (D:4)
  4 adders (D:2)
  3 worms
  3 dart slugs (D:1)
  2 orcs
  2 ball pythons
  6 bats
  6 endoplasms
  7 giant cockroaches
  7 goblins
  6 hobgoblins
  6 jackals (D:3)
  2 quokkas
  4 frilled lizards
  9 kobolds
  8 rats
78 creatures vanquished.

Notes
Turn   | Place    | Note
-------+----------+-------------------------------------------
     0 | D:1      | shadowtrooper the Hill Orc Fighter began the quest for the
                  | Orb.
     0 | D:1      | Reached XP level 1. HP: 19/19 MP: 1/1
    42 | D:1      | Reached skill level 3 in Axes
    42 | D:1      | Reached XP level 2. HP: 25/27 MP: 2/2
   503 | D:1      | Reached XP level 3. HP: 33/33 MP: 3/3
  1229 | D:2      | Reached skill level 4 in Axes
  1484 | D:2      | Reached XP level 4. HP: 40/40 MP: 4/4
  2158 | D:3      | Reached skill level 5 in Axes
  2193 | D:3      | Noticed Ijyb
  2206 | D:3      | Killed Ijyb
  2207 | D:3      | Reached XP level 5. HP: 27/46 MP: 5/5
  2561 | D:3      | Found a hazy altar of Hepliaklqana.
  2563 | D:3      | Found an opulent altar of Gozag.
  2565 | D:3      | Found an ornate altar of the Wu Jian Council.
  2565 | D:3      | Found an iron altar of Okawaru.
  2566 | D:3      | Found a glowing golden altar of the Shining One.
  2566 | D:3      | Found a sparkling altar of Nemelex Xobeh.
  2580 | D:3      | Became a worshipper of Warmaster Okawaru
  2641 | D:3      | Found a faded altar of an unknown god.
  2976 | D:4      | Found Wooloch's Book Emporium.
  2996 | D:4      | Reached skill level 6 in Axes
  3008 | D:4      | Found a staircase to the Ecumenical Temple.
  3037 | D:4      | Noticed a centaur
  3044 | D:4      | Killed a centaur
  3045 | D:4      | Reached XP level 6. HP: 26/52 MP: 6/6
  3083 | D:3      | HP: 1/52 [frozen (5)]
  3085 | D:3      | Frozen to death by an endoplasm

Illustrated notes

Levels and vault maps discovered:
D:1:      eino_arrival_water_cross, layout_loops_corners, minivault_5,
          supply_closet_lemuel, minmay_misc_feat_columns, serial_park_tiny_pond,
          minmay_misc_feat_tower, dk_noncrumbling_3, moated_statue, hex_medium
D:2:      layout_basic
D:3:      layout_loops_ring, grunt_temple_overflow_open,
          chequers_ecumenical_altar_island, grunt_ministairs_1, uniq_ijyb
D:4:      layout_basic, temple_statues, serial_shops,
          nicolae_shop_temple_entry_statues_fountains,
          nicolae_ossuary_entry_ruins

Skill      XL: |  1  2  3  4  5 |
---------------+----------------+-----
Axes           | 3 4 5 6 |  6.9
Fighting       | 4 |  4.2
Armour         | |  3.9
Dodging        | |  0.4
Shields        | |  3.7

Action                   |  1- 3 |  4- 6 || total
-------------------------+-------+-------++-------
Melee: War axe           |    96 |   122 ||   218
  Use: Potion            |       |     2 ||     2
       Scroll            |       |     3 ||     3
Armor: Scale mail        |    51 |    51 ||   102
Dodge: Dodged            |    40 |    63 ||   103
Block: Buckler           |    26 |    23 ||    49

Table legend: (Time is in decaauts)
 A = Elapsed time spent in this place.
 B = Non-inter-level travel time spent in this place.
 C = Inter-level travel time spent in this place.
 D = Time resting spent in this place.
 E = Time spent auto-exploring this place.
 F = Levels seen in this place.
 G = Mean time per level.
                   A        B        C        D        E       F      G
               +--------+--------+--------+--------+--------+-----+--------+
         Total |   3155 |   2903 |    252 |    245 |   2097 |   4 |  788.8 |
       Dungeon |   3155 |   2903 |    252 |    245 |   2097 |   4 |  788.8 |
               +--------+--------+--------+--------+--------+-----+--------+

Top non-repeatable levels by time:
     D:1: 1216 daAuts
     D:2: 984 daAuts
     D:3: 833 daAuts
     D:4: 119 daAuts
